 Dungeon Crawl Stone Soup version 0.27-a0-760-gc38aae387d (webtiles) character file.

Game seed: 13785252298939799821

1129 polve the Carver (level 8, 0/58 HPs)
             Began as a Demonspawn Abyssal Knight on Mar 24, 2021.
             Was a Priest of Lugonu.
             Succumbed to an orc wizard's poison
             ... on level 6 of the Dungeon.
             The game lasted 00:06:55 (8702 turns).

polve the Carver (Demonspawn Abyssal Knight)        Turns: 8702, Time: 00:06:55

Health: 0/58       AC:  3    Str: 14    XL:     8   Next: 13%
Magic:  3/3        EV: 11    Int: 22    God:    Lugonu [***...]
Gold:   218        SH:  5    Dex: 19    Spells: 7/7 levels left

rFire    . . .     SeeInvis .   a - +5 long sword "Vazimu" {antimagic, Int+3 Dex+7}
rCold    . . .     Faith    .   (no shield)
rNeg     . . .     Spirit   .   b - +0 leather armour
rPois    .         Reflect  +   (helmet restricted)
rElec    .         Harm     .   p - scarf {repulsion}
rCorr    .         Rampage  .   (no gloves)
Will     .....                  (no boots)
Stlth    +.........             j - amulet of reflection
HPRegen  0.19/turn              g - ring of wizardry
MPRegen  0.08/turn              (no ring)

@: lethally poisoned (0 -> -3), hasted, repel missiles, very quick
A: antennae 2, powered by pain 1, big brain 2
a: Renounce Religion, Depart the Abyss, Bend Space, Banish


You were on level 6 of the Dungeon.
You worshipped Lugonu.
Lugonu was most pleased with you.
You visited 1 branch of the dungeon, and saw 6 of its levels.
You visited the Abyss 1 time.

You collected 218 gold pieces.

Inventory:

Hand Weapons
 a - the +5 long sword "Vazimu" (weapon) {antimagic, Int+3 Dex+7}
   (You found it on level 4 of the Dungeon)

   It reduces the magical energy of the wielder, and disrupts the spells and
   magical abilities of those hit.
   Natural abilities and divine invocations are not affected.
   It affects your intelligence (+3).
   It affects your dexterity (+7).
 f - a +1 falchion
Armour
 b - a +0 leather armour (worn)
 p - a scarf of repulsion (worn)
Jewellery
 g - a ring of wizardry (right hand)
 j - an amulet of reflection (around neck)
Wands
 d - a wand of flame (16)
Scrolls
 c - 2 scrolls of vulnerability
 i - a scroll of silence {unknown}
 k - 3 scrolls of enchant weapon
 l - a scroll of acquirement {unknown}
 m - a scroll of magic mapping {unknown}
 n - 2 scrolls of teleportation
 o - a scroll of amnesia {unknown}
 r - a scroll of identify
Potions
 e - 3 potions of attraction
 h - a potion of brilliance


   Skills:
 - Level 3.0 Fighting
 + Level 9.0 Long Blades
 - Level 1.7 Armour
 - Level 0.8 Dodging
 - Level 2.4 Invocations


You had 7 spell levels left.
You didn't know any spells.
Your spell library contained the following spells:

 Spells                   Type           Power      Damage    Failure   Level
 Magic Dart               Conj           0%         1d3       9%          1
 Blink                    Tloc           N/A        N/A       12%         2
 Call Imp                 Summ           0%         N/A       12%         2
 Slow                     Hex            0%         N/A       12%         2
 Conjure Flame            Conj/Fire      0%         6-21      24%         3
 Mephitic Cloud           Conj/Pois/Air  0%         N/A       24%         3


Dungeon Overview and Level Annotations

Branches:
Dungeon (6/15)             Temple (0/1) D:4

Altars:
Cheibriados
Dithmenos
Nemelex Xobeh
Ru
Wu Jian


Innate Abilities, Weirdness & Mutations

You have a pair of antennae on your head.
You sometimes gain a little power by taking damage.
You have an extremely huge brain. (Int +4)


Message History

The orc wizard is severely wounded.
The orc wizard falters for a moment.
You slash the orc wizard!
You kill the orc wizard!
Lugonu accepts your kill.
Your Long Blades skill increases to level 9!
You completely miss something.
The orc priest mumbles some strange prayers to Beogh against you.
Pain shoots through your body!
You hit something. Something hits you.
You are poisoned.
You slash something!
You feel extremely sick. Something hits you.
You are more poisoned.
It was a potion of cancellation.
You feel magically purged.
You feel extremely sick. Something hits you.
You are more poisoned.
The orc barely misses you.
* * * LOW HITPOINT WARNING * * *
You feel extremely sick.
Okay, then.
You hit something. Lugonu accepts your kill.
Reactivating autopickup.
You feel a bit more experienced.
You feel sick.
Your life force feels restored.
You hit the orc.
The orc is moderately wounded.
You feel sick. The orc hits you with a +0 whip.
* * * LOW HITPOINT WARNING * * *
You feel yourself speed up.
* * * LOW HITPOINT WARNING * * *
You feel sick. The orc barely misses you.
You riposte.
You slash the orc!
You kill the orc!
Lugonu accepts your kill.
You hit the orc priest.
The orc priest is moderately wounded.
You die...

#.# #)# ##
#.# #.# #.
#.# #.# #.
#.# #.# #.
#.# #.# ##
#.# ### ####
#.# .....
#.##########
#####
#.......@oo#
##########.#
..# ###o .#
.# .. ..


You could see an orc priest and an orc.

Vanquished Creatures
  Sigmund (D:5)
  A water moccasin (D:5)
  An ice beast (D:5)
  A necrophage (D:6)
  2 bullfrogs (D:6)
  3 howler monkeys
  2 hounds (D:5)
  A bullfrog skeleton (D:5)
  Ijyb (D:5)
  2 orc wizards (D:6)
  A worker ant (D:5)
  2 hound skeletons (D:4)
  6 adders
  3 gnolls (D:5)
  A howler monkey skeleton (D:2)
  A shadow imp (D:5)
  A white imp (D:5)
  3 worms
  4 dart slugs
  2 orcs
  9 ball pythons
  6 bats
  5 endoplasms
  A giant cockroach (D:3)
  5 goblins
  9 hobgoblins
  27 jackals
  6 quokkas
  A frilled lizard (D:2)
  5 kobolds
  3 rats (D:1)
116 creatures vanquished.

Notes
Turn   | Place    | Note
-------+----------+-------------------------------------------
     0 | Abyss:1  | polve the Demonspawn Abyssal Knight began the quest for the
                  | Orb.
     0 | Abyss:1  | Reached XP level 1. HP: 18/18 MP: 2/2
     0 | Abyss:1  | Found a corrupted altar of Lugonu.
   123 | Abyss:1  | Found a corrupted altar of Lugonu.
   124 | Abyss:1  | Found a corrupted altar of Lugonu.
   194 | Abyss:1  | Found a corrupted altar of Lugonu.
   223 | Abyss:1  | Found a corrupted altar of Lugonu.
   264 | Abyss:1  | Noticed a large abomination
   265 | D:1      | Escaped the Abyss
   366 | D:1      | Reached skill level 2 in Long Blades
   589 | D:1      | Gained mutation: You have a pair of small antennae on your
                  | head. [demonic ancestry]
   589 | D:1      | Reached XP level 2. HP: 16/24 MP: 3/3
   952 | D:1      | Reached * piety under Lugonu
  1076 | D:1      | Reached skill level 3 in Long Blades
  1249 | D:1      | Reached XP level 3. HP: 18/29 MP: 4/4
  1941 | D:2      | Found an ornate altar of the Wu Jian Council.
  2295 | D:2      | Found a shadowy altar of Dithmenos.
  2442 | D:2      | Reached ** piety under Lugonu
  2443 | D:2      | Gained mutation: You have an unusually large brain. (Int
                  | +2) [demonic ancestry]
  2443 | D:2      | Reached XP level 4. HP: 32/35 MP: 5/5
  2445 | D:2      | Reached skill level 4 in Long Blades
  3139 | D:3      | Found a snail-covered altar of Cheibriados.
  3472 | D:3      | Noticed an ogre
  4349 | D:3      | Gained mutation: You have an extremely huge brain. (Int +4)
                  | [demonic ancestry]
  4349 | D:3      | Reached XP level 5. HP: 30/41 MP: 6/6
  5253 | D:4      | Reached skill level 5 in Long Blades
  5265 | D:4      | Found a sacrificial altar of Ru.
  5469 | D:4      | Identified the +5 long sword "Vazimu" {antimagic, Int+3
                  | Dex+7}
  5721 | D:4      | Found a staircase to the Ecumenical Temple.
  5954 | D:5      | Entered Level 5 of the Dungeon
  6109 | D:5      | Reached XP level 6. HP: 47/47 MP: 2/7
  6136 | D:5      | Reached *** piety under Lugonu
  6137 | D:5      | Reached skill level 6 in Long Blades
  6294 | D:5      | Noticed a water moccasin
  6308 | D:5      | Killed a water moccasin
  6594 | D:5      | Noticed Ijyb
  6609 | D:5      | HP: 2/47 [Ijyb/+6 spectral club (5)]
  6616 | D:5      | HP: 3/70 [Ijyb/+6 spectral club (1)]
  6620 | D:5      | Killed Ijyb
  6621 | D:5      | Reached skill level 7 in Long Blades
  6621 | D:5      | Gained mutation: You sometimes gain a little power by
                  | taking damage. [demonic ancestry]
  6621 | D:5      | Reached XP level 7. HP: 4/52 MP: 2/8
  7356 | D:5      | Noticed Sigmund
  7403 | D:5      | Killed Sigmund
  7404 | D:5      | Reached skill level 8 in Long Blades
  8124 | D:6      | Found a sparkling altar of Nemelex Xobeh.
  8565 | D:6      | Gained mutation: You have a pair of antennae on your head.
                  | [demonic ancestry]
  8565 | D:6      | Reached XP level 8. HP: 43/56 MP: 3/9
  8694 | D:6      | Reached skill level 9 in Long Blades
  8700 | D:6      | HP: 1/58 [orc/+0 whip (4)]
  8702 | D:6      | Succumbed to an orc wizard's poison

Illustrated notes

Levels and vault maps discovered:
D:1:      saegor_arrival_simple_c, layout_basic, minmay_misc_feat_ornament
D:2:      layout_basic, lemuel_doored_altar, old_standard_altar,
          corexii_corridor_pit
D:3:      layout_basic, cheibriados_altar_1
D:4:      layout_rooms, nicolae_ru_awakened_eye, minmay_temple_entry_nine_rooms
D:5:      layout_basic, uniq_sigmund, uniq_ijyb
D:6:      layout_loops_ring, nemelex_xobeh_ov_fountains_minmay,
          makhleb_grotto_becter

Skill      XL: |  1  2  3  4  5  6  7  8 |
---------------+-------------------------+-----
Long Blades    | 2 3 4 5 7 8 9 |  9.0
Fighting       | |  3.0
Armour         | |  1.7
Dodging        | |  0.8
Invocations    | |  2.4

Action                   |  1- 3 |  4- 6 |  7- 9 || total
-------------------------+-------+-------+-------++-------
Melee: Falchion          |   123 |   151 |       ||   274
       Long sword        |       |    72 |    57 ||   129
Invok: Depart the Abyss  |     1 |       |       ||     1
  Use: Potion            |       |     9 |     2 ||    11
       Scroll            |       |       |     5 ||     5
 Stab: Sleeping          |       |     1 |       ||     1
Armor: Leather armour    |    71 |    46 |     7 ||   124
       Skin              |       |     5 |       ||     5
Dodge: Dodged            |   128 |   156 |    34 ||   318
       Repelled          |       |     1 |     3 ||     4
Block: Other             |       |    15 |     8 ||    23
       Reflection        |       |       |     1 ||     1
       Rpst.: Falchion   |    32 |    37 |       ||    69
       Long sword        |       |    12 |     8 ||    20

Table legend: (Time is in decaauts)
 A = Elapsed time spent in this place.
 B = Non-inter-level travel time spent in this place.
 C = Inter-level travel time spent in this place.
 D = Time resting spent in this place.
 E = Time spent auto-exploring this place.
 F = Levels seen in this place.
 G = Mean time per level.
                   A        B        C        D        E       F      G
               +--------+--------+--------+--------+--------+-----+--------+
         Total |   8743 |   8498 |    245 |    288 |   7094 |   7 | 1249.0 |
       Dungeon |   8478 |   8233 |    245 |    288 |   6830 |   6 | 1413.0 |
         Abyss |    265 |    265 |      0 |      0 |    264 |   1 |  265.0 |
               +--------+--------+--------+--------+--------+-----+--------+

Top non-repeatable levels by time:
     D:5: 2173 daAuts
     D:3: 1727 daAuts
     D:2: 1665 daAuts
     D:1: 1357 daAuts
     D:4: 977 daAuts
     D:6: 576 daAuts
 Abyss:1: 265 daAuts
